 Dungeon Crawl Stone Soup version 0.31-a0-675-g238779eb0a (webtiles) character file.

Game seed: 2914313973356124838

1927 qw the Skirmisher (level 9, -4/55 HPs)
             Began as a Gargoyle Hunter on Sept 5, 2023.
             Was a Follower of Okawaru.
             Slain by Jeremiah
             ... wielding a +2 trident of draining
              (12 damage)
             ... on level 7 of the Dungeon.
             The game lasted 00:02:36 (5047 turns).

qw the Skirmisher (Gargoyle Hunter)                 Turns: 5047, Time: 00:02:37

Health: -4/55      AC: 15    Str: 15    XL:     9   Next: 17%
Magic:  11/12      EV: 21    Int: 10    God:    Okawaru [*.....]
Gold:   413        SH:  0    Dex: 23    Spells: 8/8 levels left

rFire   . . .        Y - +0 orcbow
rCold   . . .        (shield currently unavailable)
rNeg    + . .        o - +0 ring mail
rPois   inf          f - +0 helmet
rElec   +            e - +0 cloak
rCorr   .            (no gloves)
SInv    .            (no boots)
Will    .....        (no amulet)
Stlth   +++          i - +6 ring of dexterity
HPRegen 0.29/turn    q - +5 ring of evasion
MPRegen 0.13/turn

%: no passive effects
@: heroic
A: sickness immunity, AC +6, negative energy resistance 1, electricity
resistance, torment resistance 1, petrification resistance
a: Renounce Religion, Heroism


You were on level 7 of the Dungeon.
You worshipped Okawaru.
Okawaru was aware of your devotion.
You visited 2 branches of the dungeon, and saw 8 of its levels.
You also visited: Sewer.

You collected 413 gold pieces.


Innate Abilities, Weirdness & Mutations

You are immune to sickness and miasma.
Your stone body is resilient. (AC +6)
You are immune to poison.
You resist negative energy. (rN+)
You are resistant to electric shocks. (rElec)
You are resistant to unholy torment.
You are immune to petrification.


   Skills:
 - Level 6.0(11.0) Fighting
 + Level 9.7(14.7) Ranged Weapons
 - Level 2.5(7.5) Armour
 - Level 3.0(8.0) Dodging
 - Level 1.1(6.1) Stealth
 - Level 4.0 Invocations


You had 8 spell levels left.
You didn't know any spells.
Your spell library was empty.

Inventory:

Hand Weapons
 Y - a +0 orcbow (weapon)
Armour
 e - a +0 cloak (worn)
 f - a +0 helmet (worn)
 l - a +1 robe of willpower
 o - a +0 ring mail (worn)
Jewellery
 b - the amulet "Disur" {Spirit Str+3 Int+2}
   (You acquired it on level 2 of the Dungeon)

   [amulet of guardian spirit]

   Spirit:    It causes incoming damage to be divided between your reserves of
   health and magic.
   Str+3:     It affects your strength (+3).
   Int+2:     It affects your intelligence (+2).
 c - the ring of Iladoabu {Fire Str+4}
   (You acquired it on level 5 of the Dungeon)

   [ring of fire]

   Fire:      It enhances your fire magic.
   Str+4:     It affects your strength (+4).
   rF+:       It protects you from fire.
   rC-:       It makes you vulnerable to cold.
 i - a +6 ring of dexterity (left hand)
 q - a +5 ring of evasion (right hand)
Scrolls
 d - 2 scrolls of identify
Potions
 a - 4 potions of curing
 g - a potion of mutation
 h - a potion of haste
 j - a potion of lignification {unknown}
 k - a potion of resistance
 p - a potion of enlightenment

Dungeon Overview and Level Annotations

Branches:
Dungeon (7/15)             Temple (1/1) D:5           Sewer (visited)

Altars:
Ashenzari
Cheibriados
Dithmenos
Elyvilon
Fedhas
Gozag
Hepliaklqana
Kikubaaqudgha
Makhleb
Nemelex Xobeh
Okawaru
Qazlal
Ru
Sif Muna
Trog
Uskayaw
Vehumet
Wu Jian
Xom
Yredelemnul
Zin
The Shining One

Annotations:
D:2 1 runed translucent door, Crazy Yiuf
D:7 Jeremiah


Message History

Okawaru accepts your kill.
Your Invocations skill increases to level 4!
The butterfly disappears in a burst of colours!
The butterfly disappears in a burst of colours!
The butterfly disappears in a burst of colours!
The butterfly disappears in a burst of colours!
Jeremiah whispers, "Once you die, everything will be fine.
It promises."
5036 ||| UPGRADING to +1 robe of willpower.
Magic restored.
The butterfly disappears in a burst of colours! x2
You start removing your armour.
You continue taking off your +0 ring mail.
The butterfly disappears in a burst of colours!
You continue taking off your +0 ring mail.
You feel like a meek peon again.
Jeremiah cries, "Fearful master, protect me!"
Something smites you!
You stop removing your armour.
5039 ||| INVOKING Heroism.
You gain the combat prowess of a mighty hero.
The butterfly disappears in a burst of colours! x2
Jeremiah shouts, "O dreadful one, destroy my foe!"
Something smites you!
The butterfly disappears in a burst of colours!
Jeremiah hops!
You shoot an arrow. The arrow hits Jeremiah!
Jeremiah is moderately wounded.
The butterfly disappears in a burst of colours!
Jeremiah barely misses you.
The butterfly disappears in a burst of colours!
Jeremiah hops!
You shoot an arrow. The arrow closely misses Jeremiah.
The arrow hits the butterfly!!
You kill the butterfly!
The butterfly disappears in a burst of colours!
You shoot an arrow.
The arrow hits Jeremiah but does no damage.
Jeremiah is moderately wounded.
Jeremiah hits you with a +2 trident of draining!
You die...
Jeremiah asks, "What happened?
Did... did you die?"

...#
...###############
..##.............#
_.##.###########b#
..##.# #.# ..##.#
#b# .....# #b#
P.#### #F# P.# #@#
P.# #b# P..
....F.bb#


PP. ######### PP. .PP. ..P You could see Jeremiah.

Vanquished Creatures
  Menkaure (D:5)
  An orc warrior (D:7)
  2 black bears (D:4)
  A sky beast (D:7)
  A phantom (D:6)
  A centaur (D:5)
  2 bullfrogs (D:7)
  2 scorpions
  5 wights (D:6)
  A howler monkey (D:5)
  2 hounds (D:5)
  6 orc priests
  3 jellies
  An iguana (D:6)
  3 orc wizards
  Ijyb (D:3)
  Robin (D:2)
  11 adders
  2 river rats (Sewer)
  A shadow imp (D:5)
  A white imp (D:6)
  2 ufetubi
  2 worms
  2 dart slugs
  17 orcs
  5 endoplasms
  4 giant cockroaches
  8 hobgoblins
  3 jackals (D:4)
  2 quokkas
  5 ball pythons
  6 bats
  3 frilled lizards
  18 goblins
  16 kobolds
  16 rats
158 creatures vanquished.

Notes
Turn   | Place    | Note
-------+----------+-------------------------------------------
     0 | D:1      | qw the Gargoyle Hunter began the quest for the Orb.
     0 | D:1      | Reached XP level 1. HP: 12/12 MP: 1/1
     0 | D:1      | 0 ||| qw: Version: 0.3-a-75-g829b12e
     0 | D:1      | 0 ||| qw: Game counter: 151
     0 | D:1      | 0 ||| qw: Melee chars always use a shield: true
     0 | D:1      | 0 ||| qw: God list: Okawaru
     0 | D:1      | 0 ||| qw: Allow faded altars: false
     0 | D:1      | 0 ||| qw: Do Orc after clearing Dungeon:15 true
     0 | D:1      | 0 ||| qw: Do second Lair branch before Depths: true
     0 | D:1      | 0 ||| qw: Lair rune preference: random
     0 | D:1      | 0 ||| qw: Goals: Normal
     0 | D:1      | 0 ||| PLANNING D:1-11
   132 | D:1      | Reached XP level 2. HP: 17/17 MP: 2/2
   671 | D:1      | Reached XP level 3. HP: 21/21 MP: 3/3
   947 | D:1      | 947 ||| DROPPING ring of wizardry.
   948 | D:1      | 948 ||| READING scroll labelled PUTEG XECAWN.
   949 | D:1      | 949 ||| READING scroll labelled TOIKAM FAYN.
   950 | D:1      | 950 ||| DROPPING scroll of butterflies.
  1021 | D:2      | Reached skill level 5 in Ranged Weapons
  1093 | D:2      | Found a faded altar of an unknown god.
  1138 | D:2      | Found a runed translucent door.
  1139 | D:2      | Noticed Crazy Yiuf
  1157 | D:2      | Reached skill level 3 in Fighting
  1281 | D:2      | Reached XP level 4. HP: 26/28 MP: 4/4
  1340 | D:2      | Noticed Robin
  1344 | D:2      | Killed Robin
  1624 | D:2      | 1624 ||| UPGRADING to +0 cloak.
  1629 | D:2      | 1629 ||| UPGRADING to +0 helmet.
  1634 | D:2      | 1634 ||| READING scroll labelled GUESASOTUZA.
  1634 | D:2      | Identified a scroll of acquirement
  1634 | D:2      | 1634 ||| ACQUIRING amulet "Disur" {Spirit Str+3 Int+2}
  1634 | D:2      | Acquired the amulet "Disur" {Spirit Str+3 Int+2}
  1636 | D:2      | 1636 ||| UPGRADING to amulet "Disur" {Spirit Str+3 Int+2}.
  1641 | D:2      | 1641 ||| READING 3 scrolls labelled PINLIPR CYUZYPH.
  1642 | D:2      | 1642 ||| READING scroll labelled EHERHOSAHA.
  1743 | D:2      | 1743 ||| DRINKING 2 puce potions.
  1744 | D:2      | 1744 ||| DRINKING 2 fizzy purple potions.
  1745 | D:2      | 1745 ||| DROPPING potion of attraction.
  1777 | D:3      | 1777 ||| PLANNING SEWER
  1855 | D:3      | Reached skill level 1 in Armour
  1855 | D:3      | Reached XP level 5. HP: 32/32 MP: 5/5
  1937 | D:3      | Noticed Ijyb
  1948 | D:3      | Killed Ijyb
  1949 | D:3      | Reached skill level 6 in Ranged Weapons
  2088 | D:3      | Found a glowing drain.
  2121 | Sewer    | Entered a sewer
  2160 | Sewer    | Reached XP level 6. HP: 37/38 MP: 6/6
  2229 | Sewer    | 2229 ||| READING 3 scrolls of identify.
  2229 | Sewer    | 2229 ||| IDENTIFYING bubbling inky potion
  2348 | Sewer    | 2348 ||| READING 2 scrolls of identify.
  2348 | Sewer    | 2348 ||| IDENTIFYING green potion
  2361 | D:3      | 2361 ||| PLANNING D:1-11
  2549 | D:3      | HP: 4/38 [orc/+0 flail (7)]
  2550 | D:3      | 2550 ||| DRINKING potion of heal wounds.
  2713 | D:3      | 2713 ||| UPGRADING to +6 ring of dexterity.
  2748 | D:4      | Noticed a black bear
  2755 | D:4      | Killed a black bear
  2756 | D:4      | Reached skill level 7 in Ranged Weapons
  2756 | D:4      | Reached XP level 7. HP: 40/43 MP: 5/7
  2935 | D:4      | You fall into a shaft and drop 1 floor!
  2935 | D:5      | Entered Level 5 of the Dungeon
  2984 | D:5      | 2984 ||| RETREATING.
  2987 | D:5      | 2987 ||| Stepping ~*~*~tactically~*~*~ (retreating).
  2988 | D:5      | 2988 ||| Stepping ~*~*~tactically~*~*~ (retreating).
  2989 | D:5      | 2989 ||| Stepping ~*~*~tactically~*~*~ (retreating).
  2990 | D:5      | 2990 ||| Stepping ~*~*~tactically~*~*~ (retreating).
  2991 | D:5      | 2991 ||| Stepping ~*~*~tactically~*~*~ (retreating).
  2992 | D:5      | 2992 ||| Stepping ~*~*~tactically~*~*~ (retreating).
  3000 | D:5      | Reached skill level 8 in Ranged Weapons
  3046 | D:5      | 3046 ||| FLEEEEING.
  3305 | D:4      | Found a glowing golden altar of the Shining One.
  3368 | D:4      | 3368 ||| READING scroll labelled BEPSIFO EMPAT.
  3371 | D:4      | 3371 ||| READING 2 scrolls of identify.
  3371 | D:4      | 3371 ||| IDENTIFYING glowing amethyst potion
  3425 | D:5      | Reached XP level 8. HP: 35/49 MP: 4/8
  3490 | D:5      | Noticed Menkaure
  3491 | D:5      | 3491 ||| SWAPPING to +0 orcbow.
  3496 | D:5      | Killed Menkaure
  3497 | D:5      | 3497 ||| DROPPING +0 shortbow.
  3549 | D:5      | Found a staircase to the Ecumenical Temple.
  3550 | D:5      | 3550 ||| PLANNING TEMPLE
  3558 | Temple   | Entered the Ecumenical Temple
  3559 | Temple   | 3559 ||| PLANNING OKAWARU WORSHIP
  3583 | Temple   | Became a worshipper of Warmaster Okawaru
  3584 | Temple   | 3584 ||| PLANNING D:1-11
  3584 | Temple   | 3584 ||| REMOVING amulet "Disur" {Spirit Str+3 Int+2}.
  3667 | D:5      | Reached skill level 9 in Ranged Weapons
  3718 | D:5      | 3718 ||| READING scroll of acquirement.
  3718 | D:5      | 3718 ||| ACQUIRING ring of Iladoabu {Fire Str+4}
  3718 | D:5      | Acquired the ring of Iladoabu {Fire Str+4}
  3720 | D:5      | 3720 ||| UPGRADING to ring of Iladoabu {Fire Str+4}.
  3805 | D:5      | 3805 ||| UPGRADING to +0 ring mail.
  3815 | D:5      | 3815 ||| DROPPING +0 leather armour.
  3816 | D:5      | 3816 ||| DRINKING 2 murky grey potions.
  3817 | D:5      | 3817 ||| DROPPING potion of brilliance.
  3844 | D:6      | Found a stormy altar of Qazlal.
  3846 | D:6      | Found an opulent altar of Gozag.
  3874 | D:6      | 3874 ||| RETREATING.
  3885 | D:6      | 3885 ||| Stepping ~*~*~tactically~*~*~ (retreating).
  3894 | D:6      | Reached skill level 6 in Fighting
  3936 | D:6      | 3936 ||| FLEEEEING.
  3937 | D:6      | 3937 ||| FLEEEEING.
  3938 | D:6      | 3938 ||| FLEEEEING.
  3939 | D:6      | 3939 ||| FLEEEEING.
  3941 | D:6      | 3941 ||| FLEEEEING.
  3942 | D:6      | 3942 ||| FLEEEEING.
  3992 | D:6      | Reached * piety under Okawaru
  4087 | D:6      | 4087 ||| FLEEEEING.
  4088 | D:6      | 4088 ||| FLEEEEING.
  4089 | D:6      | 4089 ||| FLEEEEING.
  4090 | D:6      | 4090 ||| FLEEEEING.
  4091 | D:6      | 4091 ||| FLEEEEING.
  4092 | D:6      | 4092 ||| FLEEEEING.
  4093 | D:6      | 4093 ||| FLEEEEING.
  4094 | D:6      | 4094 ||| FLEEEEING.
  4095 | D:6      | 4095 ||| FLEEEEING.
  4096 | D:6      | 4096 ||| FLEEEEING.
  4101 | D:6      | 4101 ||| Stepping ~*~*~tactically~*~*~ (retreating).
  4102 | D:6      | 4102 ||| Stepping ~*~*~tactically~*~*~ (retreating).
  4103 | D:6      | 4103 ||| Stepping ~*~*~tactically~*~*~ (retreating).
  4104 | D:6      | 4104 ||| Stepping ~*~*~tactically~*~*~ (retreating).
  4112 | D:6      | Reached skill level 3 in Dodging
  4112 | D:6      | Reached skill level 1 in Invocations
  4464 | D:6      | 4464 ||| UPGRADING to +5 ring of evasion.
  4466 | D:6      | 4466 ||| DROPPING ring of magical power.
  4467 | D:6      | 4467 ||| READING scroll labelled RUSUTEU BOSIOS.
  4468 | D:6      | 4468 ||| READING 3 scrolls labelled YSUK FILLILOFF.
  4469 | D:6      | 4469 ||| DRINKING 2 bubbling orange potions.
  4470 | D:6      | 4470 ||| READING 3 scrolls of identify.
  4470 | D:6      | 4470 ||| IDENTIFYING smoky emerald potion
  4471 | D:6      | 4471 ||| READING 2 scrolls of identify.
  4471 | D:6      | 4471 ||| IDENTIFYING cyan potion
  4472 | D:6      | 4472 ||| DROPPING 2 scrolls of fog.
  4473 | D:6      | 4473 ||| DROPPING potion of invisibility.
  4745 | D:7      | 4745 ||| INVOKING Heroism.
  4760 | D:7      | Reached skill level 3 in Invocations
  4760 | D:7      | Reached XP level 9. HP: 36/55 MP: 8/11
  4842 | D:7      | Identified the +7 whip "Enuaduj" {flame, rC+++ rN+ Str-5
                  | Stlth-}
  4850 | D:7      | Found a shadowy altar of Dithmenos.
  4929 | D:7      | Identified the +7 falchion "Todwap" {protect, rCorr}
  4947 | D:7      | Found a basalt altar of Yredelemnul.
  4984 | D:7      | Noticed Jeremiah
  4985 | D:7      | 4985 ||| RETREATING.
  4987 | D:7      | 4987 ||| RETREATING.
  4989 | D:7      | 4989 ||| RETREATING.
  4991 | D:7      | 4991 ||| RETREATING.
  4994 | D:7      | 4994 ||| RETREATING.
  4996 | D:7      | 4996 ||| RETREATING.
  4998 | D:7      | 4998 ||| RETREATING.
  5000 | D:7      | 5000 ||| RETREATING.
  5002 | D:7      | 5002 ||| RETREATING.
  5005 | D:7      | 5005 ||| Stepping ~*~*~tactically~*~*~ (retreating).
  5012 | D:7      | 5012 ||| INVOKING Heroism.
  5022 | D:7      | 5022 ||| UPGRADING to +1 robe of willpower.
  5036 | D:7      | 5036 ||| UPGRADING to +1 robe of willpower.
  5039 | D:7      | 5039 ||| INVOKING Heroism.
  5040 | D:7      | HP: 6/55 [Jeremiah/divine providence (15)]
  5047 | D:7      | Slain by Jeremiah

Levels and vault maps discovered:
D:1:      minmay_arrival_jagged, layout_basic, serial_rivers,
          chequers_serial_rivers_micro_b, chequers_serial_rivers_large_a,
          chequers_serial_rivers_micro_e, chequers_serial_rivers_small_b,
          chequers_serial_rivers_large_b, chequers_serial_rivers_marsh,
          hex_tiny, supply_closet_lemuel, minmay_misc_feat_tower
D:2:      kennysheep_the_goblin_king, layout_basic,
          hellmonk_ecumenical_altar_pennies_from_heaven,
          uniq_crazy_yiuf_cottage, uniq_robin
D:3:      layout_basic, gup_sewer_entry_glass, uniq_ijyb
D:4:      layout_rooms, mainiacjoe_overflow_alcove_1, serial_bayou_ford_a
D:5:      layout_rooms, minmay_temple_entry_poolview,
          chequers_hall_statues_wall_a, st_stairs_1, uniq_menkaure
D:6:      layout_rooms, chequers_temple_overflow_statue_of_worship,
          kennysheep_generic_room_5
D:7:      layout_basic, mainiacjoe_overflow_catch_the_wave, uniq_jeremiah
Temple:   minmay_crystal_spiral_temple

Skill      XL: |  1  2  3  4  5  6  7  8  9 |
---------------+----------------------------+-----
Ranged Weapons | 5 6 7 8 9 |  9.7
Fighting       | 3 4 5 6 |  6.0
Armour         | 1 2 |  2.5
Dodging        | 2 3 |  3.0
Invocations    | 3 4 |  4.0
Stealth        | |  1.1

Action                     |  1- 3 |  4- 6 |  7- 9 || total
---------------------------+-------+-------+-------++-------
   Fire: Shortbow          |   116 |   231 |    92 ||   439
         Orcbow            |       |       |   158 ||   158
 Invoke: Heroism           |       |       |     3 ||     3
    Use: Scroll            |     2 |     5 |     7 ||    14
         Potion            |       |     3 |     2 ||     5
 Armour: Leather armour    |    28 |    81 |    36 ||   145
         Ring mail         |       |       |    78 ||    78
  Dodge: Dodged            |    24 |    81 |   109 ||   214

Table legend:
 A = Non-vault XP
 B = Vault XP
 C = Vault XP percentage of total XP
 D = Non-vault monster count
 E = Vault monster count
 F = Vault count percentage of total count
                 A         B        C        D         E       F
            +---------+---------+-------+---------+---------+-------
      Total |    2219 |     535 |  19.4 |     111 |      47 |  29.7
            +---------+---------+-------+---------+---------+-------
        D:1 |      38 |       0 |   0.0 |      25 |       0 |   0.0
        D:2 |      45 |      41 |  47.7 |      13 |      15 |  53.6
        D:3 |     196 |      74 |  27.4 |      18 |       5 |  21.7
        D:4 |     390 |       0 |   0.0 |      21 |       0 |   0.0
        D:5 |     382 |     226 |  37.2 |      14 |       3 |  17.6
        D:6 |     600 |     122 |  16.9 |      13 |       3 |  18.8
        D:7 |     568 |       0 |   0.0 |       7 |       0 |   0.0
      Sewer |       0 |      72 | 100.0 |       0 |      21 | 100.0
            +---------+---------+-------+---------+---------+-------
